 Dungeon Crawl Stone Soup version 0.19-a0-1654-g9d3f708 (webtiles) character file.

238 Amnesiac the Charlatan (level 5, 0/37 HPs)
             Began as a Mummy Artificer on Sept 20, 2016.
             Slain by a worker ant (2 damage)
             ... on level 5 of the Dungeon.
             The game lasted 00:03:37 (1695 turns).

Amnesiac the Charlatan (Mummy Artificer)            Turns: 1695, Time: 00:03:37

Health: 0/37       AC:  5    Str: 15    XL:     5   Next: 78%
Magic:  18/18      EV: 12    Int: 11    God:
Gold:   32         SH:  0    Dex: 13    Spells: 0 memorised, 4 levels left

rFire  x . .     SeeInvis .     k - +0 long sword
rCold  + . .     Gourm    .     b - +0 leather armour
rNeg   + + +     Faith    .     (no shield)
rPois  ∞         Spirit   .     (no helmet)
rElec  .         Dismiss  .     (no cloak)
rCorr  .         Reflect  .     j - +1 pair of gloves
MR     .....     Harm     .     (no boots)
Stlth  +.........               (no amulet)
                                (no ring)
                                g - ring of magical power

@: no status effects
A: no food or potions, fire vulnerability, cold resistance 1, negative energy
resistance 3, torment resistance, unbreathing
a: no special abilities


You were on level 5 of the Dungeon.
You were not hungry.

You visited 1 branch of the dungeon, and saw 5 of its levels.

You collected 32 gold pieces.

Inventory:

Hand Weapons
 a - a +0 short sword
 k - a +0 long sword (weapon)
 m - a +0 dagger of protection
Armour
 b - a +0 leather armour (worn)
 j - a +1 pair of gloves (worn)
 l - a +0 shield
Jewellery
 g - a ring of magical power (left hand)
Wands
 c - a wand of flame (8/48)
 d - a wand of enslavement (9/24)
 e - a wand of random effects (0/48)
Scrolls
 h - a scroll of remove curse


   Skills:
 - Level 1.0 Fighting
 - Level 0.7 Short Blades
 - Level 1.5 Dodging
 - Level 0.7 Stealth
 + Level 5.4 Evocations


You had 4 spell levels left.
You didn't know any spells.

Dungeon Overview and Level Annotations

Branches:
Dungeon (5/15)
 Temple: D:4-7

Altars:
Uskayaw
Vehumet


Innate Abilities, Weirdness & Mutations

You do not eat or drink.
Your flesh is vulnerable to fire.
You are immune to poison.
Your flesh is cold resistant. (rC+)
You are immune to negative energy. (rN+++)
You are immune to unholy pain and torment.
You can survive without breathing.


Message History

A worker ant and a centaur come into view.
The worker ant twitches its antennae in your direction.
There is a stone staircase leading up here.
The centaur shouts!
Evoke which item? (* to show all) (? for menu, Esc to quit)
Zapping:
d - a wand of enslavement (11/24)
Press: ? - help, Shift-Dir - straight line, f - centaur
Aim: a centaur (chance to defeat MR: 57%)
The centaur resists with significant effort.
This wand has 10 charges left.
The centaur wields a glowing shortbow.
The centaur shoots an arrow.
The arrow misses you.
Evoke which item? (* to show all) (? for menu, Esc to quit)
Zapping:
d - a wand of enslavement (10/24)
Press: ? - help, Shift-Dir - straight line, f/p - centaur
Aim: a centaur, wielding an enchanted shortbow (chance to defeat MR: 57%)
The centaur is charmed.
This wand has 9 charges left.
The worker ant bites you.
* * * LOW HITPOINT WARNING * * *
The worker ant bites you.
You die...

####....
#......#
####......#
.........#
........##
.........
#..(....#
#@....... #####
#.a......
......##........
.......c.##.##+#
.........# .#
.........# #
.........+
.........#
.........#


You could see a worker ant and a friendly centaur.

Vanquished Creatures
  An ogre (D:4)
  A hound (D:4)
  An iguana (D:4)
  A worker ant (D:4)
  A hound skeleton (D:4)
  A worm (D:2)
  2 leopard geckos (D:4)
  3 orcs (D:4)
  2 bats
  A giant cockroach (D:4)
  2 hobgoblins
  4 jackals (D:3)
  A quokka (D:2)
  2 frilled lizards
  A rat (D:2)
24 creatures vanquished.

Vanquished Creatures (collateral kills)
  An orc wizard (D:4)
  An orc priest (D:4)
  2 orcs (D:4)
4 creatures vanquished.

Grand Total: 28 creatures vanquished

Notes
Turn   | Place    | Note
-------+----------+-------------------------------------------
     0 | D:1      | Amnesiac the Mummy Artificer began the quest for the Orb.
     0 | D:1      | Reached XP level 1. HP: 15/15 MP: 2/2
   352 | D:2      | Found a hide-covered altar of Uskayaw.
   362 | D:2      | Reached XP level 2. HP: 17/21 MP: 4/4
   448 | D:2      | Reached skill level 3 in Evocations
   450 | D:2      | Found a radiant altar of Vehumet.
   967 | D:4      | HP: 1/21 [adder skeleton (2)]
  1324 | D:4      | Reached XP level 3. HP: 23/26 MP: 5/5
  1358 | D:4      | Reached skill level 4 in Evocations
  1358 | D:4      | Reached XP level 4. HP: 31/32 MP: 7/7
  1590 | D:4      | Noticed an ogre
  1601 | D:4      | Killed an ogre
  1601 | D:4      | Reached skill level 5 in Evocations
  1601 | D:4      | Reached XP level 5. HP: 33/37 MP: 8/8
  1637 | D:4      | Noticed a centaur
  1690 | D:5      | Entered Level 5 of the Dungeon
  1690 | D:5      | Noticed a centaur
  1695 | D:5      | Slain by a worker ant

Vault maps used:
D:1:      dpeg_arrival_simpleton_a, serial_forest, infiniplex_forest_straight_4,
          infiniplex_forest_end_1, infiniplex_forest_end_2,
          infiniplex_forest_side_room, infiniplex_forest_clump_C,
          infiniplex_forest_corner_1, infiniplex_forest_clump_tiny,
          infiniplex_forest_split, infiniplex_forest_side_room,
          minmay_misc_feat_encased, minmay_misc_feat_iff,
          okawaru_ov_weapons_minmay
D:2:      nicolae_overflow_crystal_walls, vehumet_crystals,
          eat_drink_and_be_merry_uskayaw, first_bread
D:4:      kennysheep_mini, old_standard_altar, uniq_edmund

Skill      XL: |  1  2  3  4 |
---------------+-------------+-----
Evocations     | 3 4 5 |  5.4
Fighting       | |  1.0
Short Blades   | |  0.7
Dodging        | |  1.5
Stealth        | |  0.7

Action                   |  1- 3 |  4- 6 || total
-------------------------+-------+-------++-------
Melee: Short sword       |    71 |       ||    71
       Long sword        |    37 |    10 ||    47
Evoke: Wand              |     3 |    25 ||    28
  Use: Scroll            |       |     3 ||     3
 Stab: Sleeping          |     1 |       ||     1
Armor: Leather armour    |    28 |     5 ||    33
Dodge: Dodged            |    70 |    13 ||    83
Block: Shield            |     8 |       ||     8
